AoeStats
← Jinx

Nomad

509793705Analyzed
4v4 RM · 5d ago on Sep 28, 2026· 49m 37s· 8 players
Game mode
Random Map
Map size
231×231
Population
200
Speed
Normal
Resources
Standard
Victory
Conquest
Starting age
Dark Age
Ending age
Imperial Age
RankedLock teamsTeams togetherTeam positionsShared explorationLock speedFull tech treeHidden civsTurbo modeCheats
Victory
Defeat
🇲🇽 Japanese · Mexico
1008
+13
🇲🇽 Spanish · Mexico
945
+15
🇨🇱 Muisca · Chile
857
+19
🇲🇽 Britons · Mexico
821
+21
🇺🇸 Varangians · United States
962
-18
🇺🇸 Saxons · United States
926
-17
🇺🇸 Ethiopians · United States
926
-17
🇨🇴 Danes · Colombia
903
-16
Quack Y Attack
4:41 Loom
13:12 Feudal Age
17:07 Castle Age
15:09 Double-Bit Axe
15:07 Horse Collar
17:08 Fletching
17:40 Crossbowman
19:09 Bow Saw
19:38 Bodkin Arrow
26:02 Heavy Plow
28:41 Wheelbarrow
30:01 Ballistics
31:19 Hand Cart
31:17 Thumb Ring
35:51 Imperial Age
35:43 Padded Archer Armor
36:06 Arbalester
36:53 Bracer
42:06 Gold Mining
42:07 Stone Mining
43:53 Chemistry
44:23 Conscription
46:34 Scale Mail Armor
Jinx
5:13 Loom
14:53 Feudal Age
16:09 Wheelbarrow
15:23 Double-Bit Axe
15:38 Fishing Lines
17:30 Fishing Lines
21:22 Castle Age
19:33 Town Watch
20:17 Arson
20:39 Gold Mining
20:40 Stone Mining
22:19 Bow Saw
22:10 Fletching
22:31 Gillnets
22:48 Gambesons
23:04 Squires
23:38 Ballistics
24:26 Bodkin Arrow
25:22 Bodkin Arrow
27:04 Masonry
29:52 Forging
30:01 Treadmill Crane
30:46 Scale Mail Armor
37:00 Hand Cart
37:03 Murder Holes
39:27 Horse Collar
41:22 Chain Mail Armor
42:13 Iron Casting
43:22 Heavy Plow
47:18 Elite Skirmisher
48:44 Stone Shaft Mining
st_augustine
4:27 Loom
15:50 Feudal Age
22:12 Fletching
33:42 Double-Bit Axe
35:11 Gold Mining
41:08 Castle Age
40:19 Forging
40:10 Scale Mail Armor
42:23 Fishing Lines
42:18 Pikeman
45:05 Chain Mail Armor
50:14 Imperial Age
Caesar6742
5:59 Loom
17:06 Feudal Age
17:48 Fishing Lines
18:48 Wheelbarrow
17:54 Horse Collar
18:01 Double-Bit Axe
18:07 Loom
19:40 Gold Mining
22:14 Town Watch
25:07 Castle Age
23:26 Fletching
27:14 Medium Warships
26:55 Gillnets
27:48 Bow Saw
29:43 Hand Cart
29:25 Stone Mining
29:39 Heavy Plow
30:30 Bodkin Arrow
32:16 Squires
32:02 Gambesons
33:32 Elite Skirmisher
34:20 Thumb Ring
34:52 Forging
34:42 Scale Mail Armor
35:34 Gold Shaft Mining
35:37 Stone Shaft Mining
35:53 Ballistics
35:44 Clinker Construction
36:38 Iron Casting
36:59 Padded Archer Armor
37:15 Chain Mail Armor
39:56 Caravan
42:36 Imperial Age
39:51 Hamask
42:35 Careening
43:42 Conscription
44:28 Blast Furnace
43:56 Heavy Warships
45:14 Siege Engineers
46:10 Chemistry
45:42 Elite Varangian Guard
46:09 Arson
47:02 Hoardings
47:57 Coinage
46:50 Northmen's Fury
48:21 Bracer
48:52 Plate Mail Armor
48:38 Leather Archer Armor
48:56 Pikeman
dans_big
15:19 Feudal Age
15:48 Man-at-Arms
16:30 Double-Bit Axe
16:57 Fishing Lines
22:40 Bloodlines
24:42 Wheelbarrow
25:35 Horse Collar
28:29 Castle Age
29:17 Scale Barding Armor
29:43 Bow Saw
30:24 Forging
33:31 Fletching
34:12 Bodkin Arrow
37:09 Chain Barding Armor
37:11 Gold Mining
Mogador
8:12 Loom
12:32 Feudal Age
13:03 Fishing Lines
13:43 Double-Bit Axe
16:12 Gold Mining
18:21 Wheelbarrow
21:47 Castle Age
19:43 Stone Mining
20:13 Town Watch
25:28 Ballistics
27:16 Fletching
27:28 Murder Holes
27:59 Bodkin Arrow
28:50 Horse Collar
30:28 Heavy Plow
31:59 Hand Cart
32:24 Gillnets
35:38 Husbandry
35:48 Bloodlines
36:06 Masonry
39:46 Imperial Age
37:36 Scale Barding Armor
39:01 Forging
39:35 Chain Barding Armor
39:05 Light Cavalry
40:23 Iron Casting
39:50 Cavalier
39:54 Hussar
41:31 Paladin
43:15 Blast Furnace
43:29 Plate Barding Armor
43:22 Conscription
48:33 Chemistry
leon_skennedy96
3:36 Loom
17:23 Feudal Age
18:02 Feudal Age
18:06 Feudal Age
22:03 Man-at-Arms
23:27 Wheelbarrow
22:38 Town Watch
25:16 Horse Collar
26:22 Padded Archer Armor
26:32 Forging
26:13 Fletching
26:26 Double-Bit Axe
31:43 Castle Age
30:12 Scale Mail Armor
30:27 Town Watch
32:02 Crossbowman
32:41 Elite Skirmisher
35:21 Long Swordsman
38:11 Heavy Plow
43:57 Bodkin Arrow
44:38 Iron Casting
44:18 Chain Mail Armor
44:18 Leather Archer Armor
48:04 Imperial Age
48:24 Two-Handed Swordsman
lerbismancillag
3:30 Loom
3:34 Loom
14:12 Feudal Age
14:50 Champi Runner
20:54 Fletching
21:23 Double-Bit Axe
21:21 Horse Collar
25:32 Castle Age
26:49 Gold Mining
27:44 Bodkin Arrow
28:32 Wheelbarrow
27:43 Town Watch
29:45 Fishing Lines
31:04 Padded Archer Armor
31:14 Forging
32:24 Squires
33:39 Heavy Plow
34:45 Bow Saw
35:16 Leather Archer Armor
36:13 Hand Cart
37:57 Medium Warships
39:09 Gold Shaft Mining
39:31 Scale Mail Armor
40:07 Iron Casting
39:27 Stone Mining
40:29 Thumb Ring
40:42 Gillnets
40:42 Crossbowman
44:23 Imperial Age
44:17 Herbalism
45:15 Chain Mail Armor
46:32 Ballistics
47:12 Chemistry
45:49 Arbalester
47:19 Plate Mail Armor
47:26 Crop Rotation
47:50 Conscription
47:20 Champi Warrior
48:06 Elite Champi Warrior
Connection lost

Rejoining the realm…

Still unreachable

The connection could not be restored.

Session expired

The server has moved on; the page needs a fresh start.